 Dungeon Crawl Stone Soup version 0.26-a0-652-gafc20e3620 (webtiles) character file.

Game seed: 5860245207699422050

619 Gargoyl the Skirmisher (level 7, 0/60 HPs)
             Began as a Gnoll Abyssal Knight on Oct 1, 2020.
             Was a Believer of Lugonu.
             Slain by a big kobold
             ... wielding a +0 short sword
              (6 damage)
             ... on level 7 of the Dungeon.
             The game lasted 00:06:22 (4016 turns).

Gargoyl the Skirmisher (Gnoll Abyssal Knight)       Turns: 4016, Time: 00:06:23

Health: 0/60       AC: 15    Str: 16    XL:     7   Next: 46%
Magic:  11/11      EV:  5    Int: 14    God:    Lugonu [**....]
Gold:   173        SH:  0    Dex: 15    Spells: 11/11 levels left

rFire    . . .     SeeInvis .   o - -2 falchion (curse)
rCold    . . .     Faith    .   (no shield)
rNeg     . . .     Spirit   .   c - +1 plate armour
rPois    .         Reflect  .   i - +2 helmet
rElec    .         Harm     +   e - scarf {harm}
rCorr    .         Rampage  .   (no gloves)
MR       +....                  (no boots)
Stlth    ..........             (no amulet)
HPRegen  0.20/turn              m - ring of protection from magic
MPRegen  0.12/turn              (no ring)

@: heavily drained
A: distributed training, fangs 1, strong nose
a: Depart the Abyss, Bend Space, Renounce Religion


You were on level 7 of the Dungeon.
You worshipped Lugonu.
Lugonu was pleased with you.
You visited 1 branch of the dungeon, and saw 6 of its levels.
You visited the Abyss 1 time.

You collected 173 gold pieces.

Inventory:

Hand Weapons
 a - a +3 hand axe
 o - a cursed -2 falchion (weapon)
Missiles
 k - 10 boomerangs (quivered)
Armour
 c - a +1 plate armour (worn)
 e - a scarf of harm (worn)
 i - a +2 helmet (worn)
Jewellery
 m - a ring of protection from magic (left hand)
 n - an uncursed ring of magical power {unknown}
Wands
 h - a wand of enslavement (7)
Scrolls
 d - a scroll of teleportation
 f - a scroll of identify
Potions
 b - a potion of haste
 g - a potion of cancellation
 j - a potion of magic
 l - 2 potions of flight


   Skills:
 + Level 7.0(4.2) Fighting
 + Level 2.5(0.0) Short Blades
 + Level 2.5(0.0) Long Blades
 + Level 5.2(2.5) Axes
 + Level 2.5(0.0) Maces & Flails
 + Level 2.5(0.0) Polearms
 + Level 2.5(0.0) Staves
 + Level 2.5(0.0) Slings
 + Level 2.5(0.0) Bows
 + Level 2.5(0.0) Crossbows
 + Level 2.5(0.0) Throwing
 + Level 5.2(2.5) Armour
 + Level 3.6(1.0) Dodging
 + Level 2.5(0.0) Stealth
 + Level 2.5(0.0) Shields
 + Level 2.5(0.0) Unarmed Combat
 + Level 2.5(0.0) Spellcasting
 + Level 2.0(0.0) Conjurations
 + Level 2.0(0.0) Hexes
 + Level 2.0(0.0) Summonings
 + Level 2.0(0.0) Necromancy
 + Level 2.0(0.0) Translocations
 + Level 2.0(0.0) Transmutations
 + Level 2.0(0.0) Fire Magic
 + Level 2.0(0.0) Ice Magic
 + Level 2.0(0.0) Air Magic
 + Level 2.0(0.0) Earth Magic
 + Level 2.0(0.0) Poison Magic
 + Level 5.4(2.6) Invocations
 + Level 2.5(0.0) Evocations


You had 11 spell levels left.
You didn't know any spells.
Your spell library was empty.

Dungeon Overview and Level Annotations

Branches:
Dungeon (7/15)
 Temple: D:4-7

Altars:
Dithmenos
Gozag
Kikubaaqudgha
Nemelex Xobeh
Qazlal
Yredelemnul
Zin

Annotations:
D:6 Eustachio


Innate Abilities, Weirdness & Mutations

Your experience applies equally to all skills.
You have very sharp teeth.
Your uncanny sense of smell can sniff out nearby items.


Message History

* * * LOW HITPOINT WARNING * * *
The big kobold hits you but does no damage.
The kobold hits you but does no damage.
You closely miss the big kobold.
The big kobold is severely wounded.
You float gracefully downwards.
The big kobold hits you but does no damage.
The kobold completely misses you.
You riposte.
You barely miss the kobold.
The kobold is severely wounded.
Your plate armour prevents you from hitting the big kobold.
You bite the big kobold.
The big kobold is severely wounded.
The big kobold hits you but does no damage.
The kobold hits you but does no damage.
The big kobold hits you but does no damage.
You barely miss the big kobold.
The big kobold is severely wounded.
The kobold barely misses you.
The big kobold hits you with a +0 short sword.
You die...

#.#..# #.#..##
#..... #.#..#
#.#..######
######..(.......
#.K.(..<........
#.######K.#####
#@.# ∆
#†K#######
#.<.......
##........
#########


You could see a big kobold and a kobold.

Vanquished Creatures
  A bullfrog (D:6)
  2 vampire bats (D:2)
  2 hounds
  A centaur skeleton (D:4)
  4 orc wizards
  Terence (D:3)
  Natasha (thrice) (D:3)
  An iguana (D:4)
  A killer bee zombie (D:7)
  4 adders
  A white imp (D:3)
  A worm (D:4)
  2 dart slugs
  A leopard gecko (D:4)
  5 orcs
  A ball python (D:4)
  10 bats
  A bat skeleton (D:2)
  5 bat zombies (D:2)
  2 goblins
  5 hobgoblins
  4 jackals (D:3)
  9 kobolds
  A ball python skeleton (D:4)
  3 frilled lizards
  A leopard gecko skeleton (D:4)
  A quokka skeleton (D:2)
  7 rats
80 creatures vanquished.

Vanquished Creatures (others)
  An orc wizard (D:3)
1 creature vanquished.

Grand Total: 81 creatures vanquished

Notes
Turn   | Place    | Note
-------+----------+-------------------------------------------
     0 | Abyss:1  | Gargoyl the Gnoll Abyssal Knight began the quest for the
                  | Orb.
     0 | Abyss:1  | Reached XP level 1. HP: 23/23 MP: 3/3
     5 | Abyss:1  | Found a corrupted altar of Lugonu.
    92 | Abyss:1  | Noticed a small abomination
   117 | Abyss:1  | Noticed a small abomination
   154 | Abyss:1  | Found a corrupted altar of Lugonu.
   163 | Abyss:2  | Noticed a hellwing
   170 | D:1      | Escaped the Abyss
   258 | D:1      | Reached XP level 2. HP: 29/29 MP: 5/5
   557 | D:1      | Reached * piety under Lugonu
   762 | D:2      | Reached XP level 3. HP: 35/35 MP: 6/6
   767 | D:2      | Found an ancient bone altar of Kikubaaqudgha.
   780 | D:2      | Reached skill level 1 in Short Blades
   780 | D:2      | Reached skill level 1 in Long Blades
   780 | D:2      | Reached skill level 1 in Maces & Flails
   780 | D:2      | Reached skill level 1 in Polearms
   780 | D:2      | Reached skill level 1 in Staves
   780 | D:2      | Reached skill level 1 in Slings
   780 | D:2      | Reached skill level 1 in Bows
   780 | D:2      | Reached skill level 1 in Crossbows
   780 | D:2      | Reached skill level 1 in Throwing
   780 | D:2      | Reached skill level 1 in Stealth
   780 | D:2      | Reached skill level 1 in Shields
   780 | D:2      | Reached skill level 1 in Unarmed Combat
   780 | D:2      | Reached skill level 1 in Spellcasting
   780 | D:2      | Reached skill level 1 in Evocations
   780 | D:2      | Reached XP level 4. HP: 39/41 MP: 7/7
   804 | D:2      | Reached skill level 1 in Conjurations
   804 | D:2      | Reached skill level 1 in Hexes
   804 | D:2      | Reached skill level 1 in Summonings
   804 | D:2      | Reached skill level 1 in Necromancy
   804 | D:2      | Reached skill level 1 in Translocations
   804 | D:2      | Reached skill level 1 in Transmutations
   804 | D:2      | Reached skill level 1 in Fire Magic
   804 | D:2      | Reached skill level 1 in Ice Magic
   804 | D:2      | Reached skill level 1 in Air Magic
   804 | D:2      | Reached skill level 1 in Earth Magic
   804 | D:2      | Reached skill level 1 in Poison Magic
   836 | D:2      | Reached XP level 5. HP: 44/47 MP: 8/8
   896 | D:2      | Found a stormy altar of Qazlal.
  1314 | D:2      | Noticed an angel
  1315 | D:2      | Found a glowing silver altar of Zin.
  1494 | D:3      | Noticed Terence
  1505 | D:3      | Killed Terence
  1557 | D:3      | Found an opulent altar of Gozag.
  1719 | D:3      | Noticed Natasha
  1728 | D:3      | Killed Natasha
  1754 | D:3      | Found a shadowy altar of Dithmenos.
  1857 | D:3      | Reached skill level 5 in Invocations
  1894 | D:3      | Reached ** piety under Lugonu
  1894 | D:3      | Reached XP level 6. HP: 22/53 MP: 9/9
  1968 | D:3      | Noticed Natasha
  2026 | D:3      | Killed Natasha
  2026 | D:3      | Reached skill level 5 in Axes
  2026 | D:3      | Reached skill level 5 in Armour
  2410 | D:3      | Noticed Natasha
  2421 | D:3      | Killed Natasha
  3005 | D:4      | Reached XP level 7. HP: 22/59 MP: 10/10
  3470 | D:4      | Found a basalt altar of Yredelemnul.
  3619 | D:4      | Reached skill level 7 in Fighting
  3765 | D:4      | You fall into a shaft and drop 2 floors!
  3765 | D:6      | Found a sparkling altar of Nemelex Xobeh.
  3768 | D:6      | Noticed Eustachio
  4016 | D:7      | Slain by a big kobold

Illustrated notes

Levels and vault maps discovered:
D:1:      dpeg_arrival_lava_temple_mockup, layout_rooms, minmay_misc_feat_five
D:2:      layout_loops_ring, kennysheep_vampire_church, grunt_qazlal_sundering,
          zin_angel
D:3:      layout_basic, lemuel_doored_altar, grunt_gozag_breadcrumbs,
          uniq_terence, uniq_natasha
D:4:      layout_gridville, kennysheep_little_box, minmay_strange_pillars,
          minmay_statues_item
D:6:      layout_cave_pools, overflow_temple_1_default, trog_butcher_becter,
          uniq_eustachio
D:7:      layout_loops_ring, minmay_temple_entry_arrows, uniq_pikel

Skill      XL: |  1  2  3  4  5  6  7 |
---------------+----------------------+-----
Short Blades   | 1 2 |  2.5
Long Blades    | 1 2 |  2.5
Maces & Flails | 1 2 |  2.5
Polearms       | 1 2 |  2.5
Staves         | 1 2 |  2.5
Slings         | 1 2 |  2.5
Bows           | 1 2 |  2.5
Crossbows      | 1 2 |  2.5
Throwing       | 1 2 |  2.5
Stealth        | 1 2 |  2.5
Shields        | 1 2 |  2.5
Unarmed Combat | 1 2 |  2.5
Spellcasting   | 1 2 |  2.5
Evocations     | 1 2 |  2.5
Conjurations   | 1 2 |  2.0
Hexes          | 1 2 |  2.0
Summonings     | 1 2 |  2.0
Necromancy     | 1 2 |  2.0
Translocations | 1 2 |  2.0
Transmutations | 1 2 |  2.0
Fire Magic     | 1 2 |  2.0
Ice Magic      | 1 2 |  2.0
Air Magic      | 1 2 |  2.0
Earth Magic    | 1 2 |  2.0
Poison Magic   | 1 2 |  2.0
Dodging        | 3 |  3.6
Invocations    | 5 |  5.4
Axes           | 5 |  5.2
Armour         | 5 |  5.2
Fighting       | 7 |  7.0

Action                   |  1- 3 |  4- 6 |  7- 9 || total
-------------------------+-------+-------+-------++-------
Melee: Hand axe          |    66 |    72 |       ||   138
       Bite              |     7 |    17 |    17 ||    41
       Falchion          |       |   176 |   165 ||   341
       Punch             |       |     2 |       ||     2
Invok: Depart the Abyss  |     1 |       |       ||     1
  Use: Potion            |     1 |     2 |     3 ||     6
       Scroll            |       |     8 |     3 ||    11
Armor: Plate armour      |   132 |   214 |   201 ||   547
       Skin              |       |    48 |       ||    48
Dodge: Dodged            |    33 |    80 |    65 ||   178
       Rpst.: Falchion   |       |    14 |    23 ||    37

Table legend: (Time is in decaauts)
 A = Elapsed time spent in this place.
 B = Non-inter-level travel time spent in this place.
 C = Inter-level travel time spent in this place.
 D = Time resting spent in this place.
 E = Time spent auto-exploring this place.
 F = Levels seen in this place.
 G = Mean time per level.
                   A        B        C        D        E       F      G
               +--------+--------+--------+--------+--------+-----+--------+
         Total |   4095 |   3986 |    109 |    810 |   2057 |   8 |  511.9 |
       Dungeon |   3926 |   3817 |    109 |    810 |   1963 |   6 |  654.3 |
         Abyss |    169 |    169 |      0 |      0 |     94 |   2 |   84.5 |
               +--------+--------+--------+--------+--------+-----+--------+

Top non-repeatable levels by time:
     D:3: 1189 daAuts
     D:4: 1150 daAuts
     D:2: 837 daAuts
     D:1: 487 daAuts
     D:6: 208 daAuts
 Abyss:1: 159 daAuts
     D:7: 52 daAuts
 Abyss:2: 10 daAuts
